 Dungeon Crawl Stone Soup version 0.16.0 (webtiles) character file.

31523 MrMatsubayashi the Fighter (level 13, -9/122 HPs)
             Began as a Minotaur Berserker on Mar 15, 2015.
             Was a High Priest of Trog.
             Mangled by a deep troll (27 damage)
             ... summoned by the player character
             ... on level 1 of the Elven Halls.
             The game lasted 04:36:40 (15978 turns).

MrMatsubayashi the Fighter (Minotaur Berserker)    Turns: 15978, Time: 04:36:40

Health: -9/122     AC: 10    Str: 24    XL:     13   Next: 26%
Magic:  1/1        EV: 19    Int:  4    God:    Trog [*****.]
Gold:   529        SH:  0    Dex: 13    Spells: 0 memorised, 12 levels left

rFire  . . .     SeeInvis .     X - +1 battleaxe (antimagic)
rCold  + + .     Clarity  .     E - +3 leather armour {rC+}
rNeg   . . .     SustAb   .     (no shield)
rPois  .         Gourm    .     V - +1 hat
rElec  .         Spirit   .     (no cloak)
rCorr  .         Warding  .     r - +0 pair of gloves
rMut   .         Stasis   .     (no boots)
MR     ++...                    U - amulet of faith
Stlth  +.........               b - ring of protection from cold
                                i - +4 ring of slaying

@: regenerating, studying Armour, very resistant to hostile enchantments, very
unstealthy
A: retaliatory headbutt, horns 2
a: Burn Spellbooks, Berserk, Trog's Hand, Brothers in Arms, Renounce Religion


You were on level 1 of the Elven Halls.
You worshipped Trog.
Trog was extremely pleased with you.
You were not hungry.

You visited 4 branches of the dungeon, and saw 17 of its levels.
You also visited: Ossuary.

You collected 2126 gold pieces.
You spent 1597 gold pieces at shops.

Inventory:

Hand weapons
 c - a +2 falchion of holy wrath
 e - a +7 spear of freezing
 f - a +4 shortbow
 j - a +3 scythe of slicing
 o - a +0 hand crossbow
 v - the cursed +1 long sword "Koddymm" {drain, MP+9 Dex+3 SInv, unknown}
   (You found it on level 7 of the Dungeon)

   A truly terrible weapon, it drains the life of those it strikes.
   It affects your dexterity (+3).
   It affects your magic capacity (+9).
   It enhances your eyesight.
   It has a curse placed upon it.
 T - a +7 vampiric broad axe
 X - a +1 antimagic battleaxe (weapon)
Missiles
 h - 8 tomahawks of dispersal
 u - 4 javelins of returning (quivered)
 z - 5 bolts of frost
 C - 6 needles of sleeping
 J - 3 tomahawks of returning
Armour
 d - a +1 chain mail of poison resistance
 r - a +0 pair of gloves (worn)
 y - a +2 chain mail of fire resistance
 A - a quicksilver dragon armour
 E - a +3 leather armour of cold resistance (worn)
 V - a +1 hat (worn)
Jewellery
 b - a ring of protection from cold (right hand)
 i - a +4 ring of slaying (left hand)
 s - a cursed ring of teleportation
 F - a +2 ring of evasion
 U - an amulet of faith (around neck)
Magical devices
 I - a wand of fire (7)
 K - a wand of fireball (4)
Scrolls
 a - 4 scrolls of fog
 g - 6 scrolls of remove curse
 l - 6 scrolls of teleportation
 m - 3 scrolls of noise
 n - 3 scrolls of magic mapping
 p - 7 scrolls of amnesia
 t - 2 scrolls of recharging
 M - 3 scrolls of identify
 O - a scroll of random uselessness
 Q - a scroll of immolation
Potions
 k - a potion of magic
 x - a potion of berserk rage
 D - a potion of lignification
 G - 3 potions of restore abilities
 L - a potion of might
 N - 2 potions of haste
 R - 3 potions of cancellation
Books
 P - a manual of Armour
Comestibles
 w - 2 meat rations
 B - 4 bread rations
 W - a royal jelly


   Skills:
 * Level 13.5 Fighting
 - Level 10.2(11.8) Axes
 * Level 9.9(12.0) Polearms
   Level 4.7(7.9) Staves
 - Level 0.6 Throwing
 * Level 12.7 Armour
 * Level 12.9 Dodging
 - Level 0.3 Stealth


You had 12 spell levels left.
You didn't know any spells.

Dungeon Overview and Level Annotations

Branches:
Dungeon (11/15)            Temple (1/1) D:5            Lair (0/8) D:11
    Orc (4/4) D:11            Elf (1/3) Orc:3

Altars:
Ashenzari
Cheibriados
Dithmenos
Elyvilon
Fedhas
Kikubaaqudgha
Makhleb
Nemelex Xobeh
Okawaru
Qazlal
Ru
Sif Muna
Trog
Vehumet
Xom
Yredelemnul
Zin
The Shining One
Beogh

Shops:
D:4 (*   D:5 (   D:7 =   D:8 ?   Orc:2 [:   Orc:3 ?   Orc:4 :*[(


Innate Abilities, Weirdness & Mutations

You reflexively headbutt those who attack you in melee.
You have a pair of horns on your head.


Message History

You throw a javelin of returning.
The javelin of returning hits your deep troll but does no damage.
The javelin of returning returns to your pack!
The deep troll bites you! The deep troll claws you!!
The deep troll claws you but does no damage.
The deep troll barely misses you.
The deep troll claws you but does no damage.
The deep troll completely misses you.
Use which ability? (? or * to list)
Your skin crawls.
You feel resistant to hostile enchantments.
You feel slightly more hungry. The deep troll bites you!!
* * * LOW HITPOINT WARNING * * *
The deep troll barely misses you. The deep troll closely misses you.
As you read the scroll of fear, it crumbles to dust.
You assume a fearsome visage.
The orc sorcerer looks frightened!
The deep troll resists with some effort.
The red devil is unaffected.
The deep troll barely misses you. The deep troll barely misses you.
The deep troll claws you!!
You die...

....# .# .#### #o# . #.#
.# #.# . #.#######.#
#4#......#
############T......#
....(......@o).....#
############.......#
##..(....# ##).......#
##.###...#+# ### ######.##
#### +##.### #+...#'##
###.....###
#.....##########.......).#
#.....'.....)..'.........#


You could see a deep troll (berserk), an orc sorcerer (fleeing) and a red devil.

Vanquished Creatures
  Gastronok (D:9)
  A deep elf high priest (Elf:1)
  A hydra (D:11)
  2 orc high priests
  A deep elf conjurer (Elf:1)
  3 deep elf summoners (Elf:1)
  An orc knight (Orc:4)
  A hill giant (D:11)
  A small abomination (Elf:1)
  An orc sorcerer (Orc:3)
  A gargoyle (D:10)
  8 deep elf priests (Elf:1)
  A troll (D:10)
  4 two-headed ogres
  A slime creature (Orc:1)
  3 basilisks (D:11)
  8 deep elf magi
  A spriggan (D:7)
  A wraith (Elf:1)
  Eustachio (D:7)
  7 deep elf fighters (Elf:1)
  14 yaks (D:11)
  A hippogriff (D:9)
  A hungry ghost (D:9)
  Menkaure (D:7)
  A water moccasin (D:10)
  A porcupine (D:11)
  2 wargs
  14 orc warriors
  3 ice beasts
  2 phantoms (D:9)
  2 sky beasts
  A black bear (D:9)
  2 necrophages
  6 centaurs
  11 ogres
  2 crocodiles (D:11)
  An eye of draining (D:10)
  Sigmund (D:3)
  6 elf zombies (Ossuary)
  A giant frog (D:10)
  A gnoll sergeant (D:6)
  3 scorpions
  16 killer bees
  5 wights (D:9)
  A wasp zombie (D:10)
  5 centaur zombies (Ossuary)
  A giant frog zombie (D:9)
  5 goliath beetles
  A jelly (D:10)
  7 crimson imps
  A giant frog skeleton (D:11)
  A human zombie (Ossuary)
  2 centaur skeletons
  15 worker ants
  18 orc priests
  6 hounds
  22 orc wizards
  An iguana (D:4)
  A killer bee zombie (D:7)
  A hound zombie (D:7)
  2 hound skeletons
  3 mummies (Ossuary)
  9 gnolls
  11 adders
  4 river rats (D:11)
  5 shadow imps
  2 giant mites
  4 worms
  An adder skeleton (D:6)
  5 orc zombies (Orc:4)
  3 giant geckos
  144 orcs
  2 ball pythons (D:2)
  A bat skeleton (D:5)
  A bat zombie (D:8)
  17 hobgoblins
  11 kobolds
  4 quokkas
  12 bats
  4 giant cockroaches
  2 giant newts
  A giant spore (D:7)
  17 goblins
  11 jackals
  16 rats
  4 ballistomycetes
  A crawling corpse (Elf:1)
  2 fungi
  3 plants (Orc:2)
537 creatures vanquished.

Vanquished Creatures (collateral kills)
  Agnes (Elf:1)
  Maud (Elf:1)
  An orc warlord (Orc:4)
  Josephine (Elf:1)
  3 orc high priests (Orc:4)
  A deep elf knight (Elf:1)
  A deep elf summoner (Elf:1)
  2 orc knights (Orc:4)
  An ugly thing (D:11)
  3 orc sorcerers (Orc:4)
  An elf (shapeshifter) (Elf:1)
  A troll (Orc:4)
  2 wraiths (Elf:1)
  3 yaks (D:11)
  A deep elf mage (Elf:1)
  A deep elf fighter (Elf:1)
  16 orc warriors
  A crocodile (D:11)
  A scorpion (D:11)
  11 orc priests
  14 orc wizards
  4 orc zombies (Orc:4)
  2 ufetubi (Orc:4)
  31 orcs
  A quokka (D:11)
  A goblin (Orc:2)
  A goblin zombie (Orc:4)
107 creatures vanquished.

Vanquished Creatures (others)
  2 deep trolls (Orc:4)
  A hill giant (Orc:4)
  2 trolls
  2 giant spores
7 creatures vanquished.

Grand Total: 651 creatures vanquished

Notes
Turn   | Place    | Note
--------------------------------------------------------------
     0 | D:1      | MrMatsubayashi, the Minotaur Berserker, began the quest for the Orb.
     0 | D:1      | Reached XP level 1. HP: 19/19 MP: 1/1
   253 | D:1      | Reached XP level 2. HP: 27/27 MP: 1/1
   261 | D:1      | Reached skill level 4 in Fighting
   703 | D:2      | Found a shimmering altar of Xom.
   721 | D:2      | Found a shattered altar of Ashenzari.
   827 | D:2      | Acquired Trog's second power
   827 | D:2      | Reached XP level 3. HP: 17/33 MP: 2/2
  1255 | D:3      | Reached XP level 4. HP: 23/41 MP: 2/2
  1656 | D:3      | Noticed Sigmund
  1673 | D:3      | HP: 2/41 [something (5)]
  1674 | D:3      | Killed Sigmund
  1674 | D:3      | Reached skill level 5 in Fighting
  1674 | D:3      | Reached XP level 5. HP: 2/48 MP: 2/2
  1851 | D:3      | Found a stormy altar of Qazlal.
  1851 | D:3      | Found a burning altar of Makhleb.
  2181 | D:4      | Found Wedue's General Store.
  2209 | D:4      | Reached XP level 6. HP: 43/56 MP: 3/3
  2553 | D:4      | Reached skill level 5 in Axes
  2553 | D:4      | Reached skill level 1 in Staves
  2555 | D:4      | Found Aconn's Weapon Emporium.
  2665 | D:5      | Entered Level 5 of the Dungeon
  2740 | D:5      | Found a staircase to the Ecumenical Temple.
  2760 | D:5      | Reached XP level 7. HP: 53/62 MP: 3/3
  2772 | D:5      | Found Mniex's Antique Weapon Boutique.
  3026 | D:5      | Reached skill level 6 in Fighting
  3072 | D:5      | Reached skill level 5 in Dodging
  3086 | D:5      | Found a bloodstained altar of Trog.
  3140 | D:5      | Acquired Trog's third power
  3275 | Temple   | Entered the Ecumenical Temple
  4106 | D:6      | Reached XP level 8. HP: 71/71 MP: 3/3
  4879 | D:6      | Reached skill level 5 in Armour
  5539 | D:7      | Noticed Eustachio
  5544 | D:7      | Killed Eustachio
  5544 | D:7      | Reached skill level 7 in Fighting
  5737 | D:7      | Found Ufiuvay's Jewellery Shoppe.
  6191 | D:7      | Reached XP level 9. HP: 76/80 MP: 4/4
  6402 | D:7      | Noticed Menkaure
  6403 | D:7      | Got a scorched long sword
  6405 | D:7      | Killed Menkaure
  6405 | D:7      | Reached skill level 8 in Fighting
  6676 | D:8      | Found Ginastro's Magic Scroll Shoppe.
  6842 | D:8      | Found a sand-covered staircase.
  6851 | Ossuary  | Entered an ossuary
  7062 | D:8      | Reached skill level 9 in Fighting
  7601 | D:8      | Found a sacrificial altar of Ru.
  7618 | D:8      | Reached XP level 10. HP: 84/91 MP: 4/4
  8398 | D:9      | Noticed Gastronok
  8406 | D:9      | Killed Gastronok
  8406 | D:9      | Reached skill level 10 in Fighting
  8406 | D:9      | Reached skill level 10 in Axes
  8412 | D:9      | Received a gift from Trog
  8429 | D:9      | Found a glowing silver altar of Zin.
  8492 | D:9      | Reached skill level 1 in Polearms
  8850 | D:9      | Reached skill level 10 in Dodging
  8960 | D:10     | Entered Level 10 of the Dungeon
  9045 | D:10     | Reached XP level 11. HP: 95/101 MP: 4/4
  9392 | D:10     | Found a sacrificial altar of Ru.
 10121 | D:11     | Noticed a hill giant
 10130 | D:11     | Killed a hill giant
 10133 | D:11     | Reached skill level 11 in Fighting
 10138 | D:11     | Received a gift from Trog
 10153 | D:11     | Reached skill level 5 in Polearms
 10158 | D:11     | Found a staircase to the Lair.
 10235 | D:11     | Noticed a six-headed hydra
 10239 | D:11     | Killed an eight-headed hydra
 10359 | D:11     | Found a deep blue altar of Sif Muna.
 10573 | D:11     | Found a staircase to the Orcish Mines.
 10623 | Orc:1    | Entered Level 1 of the Orcish Mines
 10626 | Orc:1    | Received a gift from Trog
 10854 | Orc:2    | Received a gift from Trog
 11063 | Orc:2    | Found Qyomomm's Antique Armour Shop.
 11066 | Orc:2    | Found Zuocuy's Book Emporium.
 11585 | Orc:3    | Paralysed by an orc sorcerer for 5 turns
 11590 | Orc:3    | Reached skill level 10 in Armour
 11761 | Orc:3    | Found Twaec's Magic Scroll Shop.
 11769 | Orc:3    | Found a roughly hewn altar of Beogh.
 11773 | Orc:3    | Bought a scroll of enchant weapon for 97 gold pieces
 11880 | Orc:3    | Found a bloodstained altar of Trog.
 11990 | Orc:4    | Entered Level 4 of the Orcish Mines
 12068 | Orc:4    | Received a gift from Trog
 12358 | Orc:4    | Reached skill level 12 in Fighting
 12398 | Orc:4    | Noticed an orc high priest
 12414 | Orc:4    | Reached XP level 12. HP: 91/112 MP: 1/5
 12427 | Orc:4    | Killed an orc high priest
 12564 | Orc:4    | Noticed an orc warlord
 12575 | Orc:4    | Killed an orc warlord
 12594 | Orc:4    | Received a gift from Trog
 12628 | Orc:4    | Noticed an orc high priest
 12632 | Orc:4    | Killed an orc high priest
 12633 | Orc:4    | Noticed an orc high priest
 12638 | Orc:4    | Killed an orc high priest
 12652 | Orc:4    | Found Foij Bio's Antique Armour Emporium.
 12654 | Orc:4    | Found Plaanwil's Antique Weapon Emporium.
 12655 | Orc:4    | Noticed an orc high priest
 12657 | Orc:4    | Found Kaod's General Store.
 12657 | Orc:4    | Found Coaxan's Book Shoppe.
 12659 | Orc:4    | Killed an orc high priest
 14304 | Orc:2    | Bought a quicksilver dragon armour for 1500 gold pieces
 14625 | Orc:3    | You fall through a shaft!
 14639 | Orc:3    | Found a staircase to the Elven Halls.
 14723 | Elf:1    | Entered Level 1 of the Elven Halls
 14887 | Elf:1    | Noticed Agnes
 14893 | Elf:1    | Killed Agnes
 14958 | Elf:1    | Reached skill level 13 in Fighting
 14978 | Elf:1    | Noticed a deep elf high priest
 14991 | Elf:1    | Killed a deep elf high priest
 15113 | Elf:1    | Reached XP level 13. HP: 86/122 MP: 1/5
 15365 | Elf:1    | Noticed Maud
 15383 | Elf:1    | Killed Maud
 15920 | Elf:1    | Noticed Josephine
 15926 | Elf:1    | Killed Josephine
 15978 | Elf:1    | Mangled by a deep troll

Action                   |  1- 3 |  4- 6 |  7- 9 | 10-12 | 13-15 || total
-------------------------+-------+-------+-------+-------+-------++-------
Melee: Hand axe          |    71 |    16 |       |       |       ||    87
       Scythe            |       |    47 |   231 |   314 |       ||   592
       Battleaxe         |       |       |       |   142 |    29 ||   171
Throw: Javelin           |     2 |    10 |    30 |    24 |     1 ||    67
Invok: Berserk           |     1 |     1 |     1 |     2 |       ||     5
       Trog's Hand       |       |       |     6 |     6 |     1 ||    13
       Burn Spellbooks   |       |       |     2 |     1 |       ||     3
       Brothers in Arms  |       |       |       |    22 |     7 ||    29
  Use: Scroll            |     2 |       |    15 |    17 |     2 ||    36
       Potion            |       |     6 |    11 |     3 |     2 ||    22
 Stab: Distracted        |       |       |       |     2 |       ||     2
  Eat: Beef jerky        |     1 |     1 |     1 |       |       ||     3
       Bread ration      |       |     2 |     2 |     4 |       ||     8
       Meat ration       |       |       |     1 |     3 |       ||     4
       Pizza             |       |       |       |     1 |       ||     1
       Fruit             |       |       |       |       |     1 ||     1
